Map: Dead of Night

Players

PiPuxD

  • Race: Terran Terran
  • League: Gold
  • Spawn Location: 0:00

MattBarry

  • Race: Protoss Protoss
  • League: Gold
  • Spawn Location: 0:00

VOD

Have the link to the VOD?

Description

Time

  • Played on: Jan. 27, 2023, 3:53 p.m.
  • Length: 54:10
Show
View Real Time Build Order
Export as new Build Order

PiPuxD Terran 

Build Orders:  

Get SALT Encoding   

  12  0:03  SCV  
  13  0:16  SCV  
  14  0:26  Supply Depot  
  14  0:32  SCV  
  15  0:55  Factory  
  15  0:56  SCV  
  16  1:04  Refinery  
  16  1:11  SCV  
  17  1:27  SCV  
  18  1:41  SCV  
  19  1:55  SCV  
  19  1:58  Perdition Turret  
  20  2:02  Factory Tech Reactor  
  20  2:09  SCV  
  21  2:20  Refinery  
  21  2:22  SCV  
  21  2:25  Supply Depot  
  21  2:29  Perdition Turret  
  22  2:36  SCV  
  23  2:55  SCV  
  24  3:04  Engineering Bay  
  24  3:07  Siege Tank  
  24  3:09  SCV  
  28  3:16  Supply Depot  
  28  3:22  SCV  
  29  3:36  SCV  
  30  3:46  Siege Tank  
  33  3:57  Armory  
  33  3:58  SCV  
  34  4:01  Perdition Turret  
  34  4:02  Perdition Turret  
  34  4:06  Perdition Turret  
  34  4:07  Perdition Turret  
  34  4:14  Structure Armor  
  34  4:16  SCV  
  34  4:17  Perdition Turret  
  35  4:22  Perdition Turret  
  35  4:23  Perdition Turret  
  35  4:24  Refinery  
  35  4:35  SCV  
  36  4:51  Perdition Turret  
  36  4:58  Spinning Dizzy x2  
  36  4:59  SCV  
  36  5:00  Perdition Turret x2  
  36  5:02  Perdition Turret  
  36  5:05  Perdition Turret  
  37  5:13  SCV  
  38  5:23  Perdition Turret  
  38  5:27  SCV  
  38  5:32  Perdition Turret  
  38  5:33  Perdition Turret  
  38  5:35  Perdition Turret  
  38  5:36  Perdition Turret  
  38  5:39  Supply Depot x2  
  38  5:40  SCV  
  38  5:44  Goliath  
  39  6:08  SCV  
  39  6:09  Goliath  
  42  6:18  Perdition Turret x2  
  42  6:20  Perdition Turret  
  42  6:22  Perdition Turret, SCV, Terran Vehicle and Ship Weapons Level 1  
  42  6:28  Armory  
  43  6:36  Perdition Turret  
  43  6:38  Factory, Infernal Pre-Igniter  
  43  6:39  Factory  
  41  6:49  Perdition Turret  
  41  6:56  SCV  
  42  7:00  Perdition Turret  
  42  7:09  Perdition Turret  
  42  7:10  SCV  
  42  7:18  Spinning Dizzy  
  39  7:24  Spinning Dizzy  
  39  7:31  SCV  
  40  7:41  Perdition Turret  
  40  7:45  SCV, Devastation Turret  
  41  8:03  Devastation Turret  
  41  8:15  SCV  
  42  8:28  SCV  
  42  8:29  Factory Tech Reactor x2  
  42  8:39  Infernal Plating  
  42  8:42  SCV  
  43  8:55  SCV  
  44  9:02  Ares-Class Targeting System  
  44  9:04  Multi-Lock Weapons System  
  44  9:06  Starport  
  44  9:10  Advanced Optics  
  44  9:20  Regenerative Bio-Steel  
  44  9:27  SCV  
  45  9:40  SCV  
  45  9:43  Supply Depot x2  
  46  9:55  SCV  
  47  10:03  Starport Tech Reactor  
  47  10:17  Siege Tank x2  
  47  10:18  Siege Tank  
  56  10:23  SCV  
  57  10:37  Supply Depot, SCV  
  58  10:51  Science Vessel x2  
  58  10:52  SCV  
  58  10:59  Supply Depot  
  63  11:04  Maelstrom Rounds  
  63  11:09  330mm Barrage Cannon  
  63  11:13  Improved Nano-Repair  
  63  11:41  SCV  
  64  11:52  Supply Depot  
  61  12:03  Perdition Turret  
  61  12:04  Perdition Turret  
  61  12:07  Perdition Turret  
  61  12:09  Siege Tank  
  64  12:10  Siege Tank x2  
  64  12:13  Defensive Matrix, Goliath x2  
  74  12:43  Goliath  
  74  12:45  Science Vessel x2  
  80  12:58  Perdition Turret  
  80  13:14  Perdition Turret x3  
  80  13:15  Terran Vehicle And Ship Armor Level 1, Terran Vehicle and Ship Weapons Level 2  
  80  13:16  Perdition Turret  
  80  13:17  Perdition Turret  
  80  13:27  Siege Tank  
  83  13:39  Devastation Turret  
  83  13:41  Devastation Turret  
  83  13:46  Perdition Turret  
  83  13:54  Science Vessel  
  83  13:55  Perdition Turret  
  83  13:57  Perdition Turret  
  83  13:58  Perdition Turret  
  85  14:03  Spinning Dizzy  
  85  14:06  KMC Auto-Loaders  
  81  14:15  Perdition Turret  
  81  14:21  Perdition Turret  
  79  14:32  Devastation Turret  
  79  14:41  Devastation Turret  
  79  14:46  Siege Tank  
  79  14:48  Perdition Turret x2  
  74  15:01  Perdition Turret x2  
  71  15:17  Siege Tank  
  77  15:35  Fire-Suppression Systems  
  77  15:42  Supply Depot  
  77  15:48  Supply Depot  
  77  15:50  Supply Depot  
  77  15:56  Supply Depot  
  77  15:57  Supply Depot  
  77  15:59  Supply Depot  
  77  16:18  SCV, Siege Tank x3  
  87  16:31  SCV  
  87  16:38  Perdition Turret  
  88  16:43  Upgrade Laser Drill Level 1  
  88  16:53  Devastation Turret  
  88  16:54  Devastation Turret  
  88  16:56  Terran Vehicle and Ship Weapons Level 3  
  88  16:58  Terran Vehicle And Ship Armor Level 2  
  88  17:18  Siege Tank  
  91  18:02  Devastation Turret  
  91  18:04  Devastation Turret  
  91  18:15  Siege Tank x2  
  91  18:16  Siege Tank  
  100  18:37  Spinning Dizzy  
  98  18:42  SCV  
  99  18:55  SCV  
  100  19:09  SCV  
  98  19:22  SCV  
  99  19:45  Perdition Turret, SCV  
  99  19:48  Perdition Turret  
  97  19:56  Devastation Turret  
  97  19:59  SCV  
  98  20:08  Hi-Sec Auto Tracking  
  95  20:12  SCV  
  95  20:13  Terran Vehicle And Ship Armor Level 3  
  96  20:26  Spinning Dizzy  
  96  20:27  Spinning Dizzy  
  96  20:34  Siege Tank x3  
  105  20:44  Perdition Turret  
  105  20:48  Perdition Turret x2  
  104  20:53  Devastation Turret  
  104  20:54  Devastation Turret  
  104  21:04  Perdition Turret x2  
  104  21:17  Perdition Turret  
  104  21:19  Perdition Turret  
  103  21:20  Upgrade Laser Drill Level 2  
  103  21:21  Perdition Turret x2  
  103  21:23  Perdition Turret  
  103  21:25  Perdition Turret  
  103  21:26  Perdition Turret  
  103  21:28  Supply Depot  
  103  21:31  Supply Depot  
  103  21:34  Perdition Turret  
  103  21:37  SCV  
  103  21:50  Siege Tank x2  
  103  21:51  SCV  
  103  21:56  Supply Depot  
  110  22:01  Siege Tank  
  110  22:03  Supply Depot  
  110  22:04  SCV  
  114  22:17  Perdition Turret, Goliath x2  
  114  22:18  Goliath  
  120  22:27  Supply Depot  
  120  22:40  Spinning Dizzy  
  120  22:48  Goliath x2  
  120  22:49  Goliath  
  126  23:03  Supply Depot x2  
  126  23:26  Spinning Dizzy  
  126  23:51  Hercules  
  129  24:07  Devastation Turret  
  129  24:08  Devastation Turret  
  129  24:10  Devastation Turret  
  129  24:55  Hellbat  
  129  24:59  Siege Tank x3  
  138  25:01  Thor x2  
  152  25:17  Supply Depot  
  152  25:19  Supply Depot  
  149  26:44  Siege Tank x3  
  158  26:58  Supply Depot  
  158  27:00  Perdition Turret  
  158  27:01  Perdition Turret  
  158  27:06  Goliath  
  158  27:07  Goliath  
  158  27:08  Goliath  
  164  27:28  Supply Depot  
  164  27:29  Perdition Turret x2  
  164  28:39  Perdition Turret  
  159  28:43  Perdition Turret  
  159  29:03  Perdition Turret  
  159  29:06  Perdition Turret  
  159  29:30  Perdition Turret  
  159  29:35  Perdition Turret  
  159  29:36  Perdition Turret  
  159  29:38  Perdition Turret  
  159  29:40  Perdition Turret x3  
  159  29:43  Perdition Turret x2  
  159  29:45  Perdition Turret  
  159  29:58  Science Vessel x2  
  159  29:59  Perdition Turret x2  
  163  30:38  Siege Tank x3  
  172  34:02  Perdition Turret  
  172  34:04  Goliath x4  
  172  34:05  Goliath  
  182  34:32  Perdition Turret, SCV  
  183  34:42  Perdition Turret  
  183  34:46  Perdition Turret  
  183  34:55  Perdition Turret  
  183  34:57  Perdition Turret x2  
  183  35:09  SCV, Goliath  
  183  35:28  Perdition Turret  
  183  35:32  Perdition Turret  
  183  35:33  Perdition Turret  
  183  35:36  Perdition Turret  
  183  36:01  Perdition Turret  
  183  36:04  Perdition Turret  
  183  36:06  Perdition Turret  
  183  36:10  Perdition Turret  
  183  36:13  Perdition Turret  
  183  36:14  Supply Depot  
  183  36:29  Perdition Turret  
  183  36:31  Goliath  
  183  36:32  Perdition Turret  
  183  36:35  Perdition Turret  
  183  36:40  Perdition Turret  
  183  36:42  Perdition Turret  
  183  36:43  SCV  
  183  36:44  Goliath x3  
  183  36:47  Supply Depot  
  190  36:51  Perdition Turret  
  190  37:03  Perdition Turret  
  190  37:17  Goliath  
  192  37:47  Perdition Turret  
  188  38:48  Thor, Goliath x4  
  199  41:15  Siege Tank  
  186  41:46  Perdition Turret  
  186  41:47  Perdition Turret  
  186  41:49  Perdition Turret  
  189  41:56  Perdition Turret  
  189  41:57  Perdition Turret  
  189  41:58  Perdition Turret  
  189  41:59  Perdition Turret  
  187  42:01  Supply Depot  
  187  42:05  Perdition Turret  
  187  42:06  Perdition Turret  
  184  42:14  Perdition Turret  
  184  42:16  Perdition Turret  
  183  42:21  Perdition Turret  
  183  42:23  Perdition Turret  
  178  42:36  Perdition Turret  
  173  42:42  Perdition Turret  
  173  42:48  Perdition Turret  
  170  42:54  Perdition Turret  
  170  42:57  Perdition Turret  
  170  43:04  Perdition Turret  
  170  43:15  Goliath x2  
  170  43:16  Goliath x2  
  170  43:17  Goliath x2  
  182  43:20  Perdition Turret  
  182  43:22  Perdition Turret  
  182  43:25  Perdition Turret  
  182  43:27  Perdition Turret  
  179  43:32  Perdition Turret  
  179  43:37  Perdition Turret  
  179  43:38  Perdition Turret  
  176  43:42  Perdition Turret  
  176  43:43  Perdition Turret  
  176  43:45  Perdition Turret  
  174  43:59  Perdition Turret  
  174  44:08  Perdition Turret  
  174  44:17  Perdition Turret  
  174  44:21  Perdition Turret  
  174  44:25  Perdition Turret  
  174  44:27  Perdition Turret x2  
  172  44:30  Perdition Turret  
  172  44:33  Perdition Turret x2  
  172  44:35  Perdition Turret  
  172  44:37  Perdition Turret  
  172  44:43  Perdition Turret  
  172  44:48  Perdition Turret  
  172  44:49  Perdition Turret x2  
  161  44:50  Perdition Turret  
  161  44:51  Perdition Turret  
  161  44:52  Perdition Turret  
  156  45:01  Siege Tank  
  156  45:02  Siege Tank x4  
  156  45:03  Siege Tank  
  156  45:06  Hercules  
  156  45:08  Perdition Turret  
  171  45:36  Perdition Turret  
  171  45:37  Perdition Turret  
  171  45:38  Perdition Turret  
  171  45:39  Perdition Turret  
  171  45:40  Perdition Turret  
  171  45:41  Siege Tank x4  
  171  45:42  Perdition Turret x2  
  171  45:44  Perdition Turret  
  171  45:46  Perdition Turret  
  171  45:48  Perdition Turret  
  181  46:07  Siege Tank x3  
  181  46:08  Siege Tank x2  
  181  46:18  Siege Tank  
  181  46:25  Siege Tank  
  177  46:33  Perdition Turret  
  177  46:35  Perdition Turret  
  177  46:36  Perdition Turret  
  183  46:44  Perdition Turret  
  183  46:47  Perdition Turret  
  183  47:04  Perdition Turret  
  183  47:34  Perdition Turret  
  183  47:36  Perdition Turret x2  
  183  47:38  Perdition Turret  
  183  47:39  Perdition Turret  
  183  47:40  Perdition Turret  
  183  47:42  Perdition Turret  
  183  47:44  Perdition Turret  
  183  47:46  Perdition Turret x2  
  183  47:48  Perdition Turret  
  174  48:03  Siege Tank  
  174  48:06  Perdition Turret  
  169  48:41  Perdition Turret  
  166  49:15  Perdition Turret  
  163  49:30  Perdition Turret x2  
  163  49:38  Perdition Turret  
  163  49:53  Perdition Turret x2  
  163  50:00  Perdition Turret  
  163  50:04  Perdition Turret  
  159  50:10  Perdition Turret  
  159  50:11  Perdition Turret  
  159  50:15  Perdition Turret  
  147  50:31  Perdition Turret  
  147  50:35  Perdition Turret x2  
  147  50:36  Perdition Turret  
  136  50:44  Perdition Turret  
  136  50:49  Perdition Turret x2  
  136  50:50  Perdition Turret x2  
  136  50:54  Siege Tank x2  
  136  50:55  Siege Tank x4  
  151  51:04  Perdition Turret  
  150  51:10  Perdition Turret  
  150  51:15  Perdition Turret  
  150  51:16  Perdition Turret  
  147  51:23  Perdition Turret  
  147  51:24  Perdition Turret  
  147  51:29  Perdition Turret  
  143  51:30  Perdition Turret x2  
  143  51:31  Perdition Turret  
  143  51:33  Perdition Turret  
  143  51:38  Perdition Turret  
  127  51:45  Perdition Turret  
  127  51:49  Science Vessel x2  
  125  51:51  Siege Tank x4  
  125  51:52  Perdition Turret  
  125  51:56  Perdition Turret  
  125  51:57  Perdition Turret  
  137  52:01  Siege Tank  
  134  52:12  Siege Tank x2  
  134  52:14  Siege Tank x2  
  134  52:16  Perdition Turret  
  134  52:19  Perdition Turret  
  126  52:27  Siege Tank x3  
  129  52:37  Hercules x2  
  129  52:39  Perdition Turret  
  105  53:18  Perdition Turret  
Show
View Real Time Build Order
Export as new Build Order

MattBarry Protoss 

Build Orders:  

Get SALT Encoding   

  12  0:03  Probe (Chrono Boost)  
  13  0:16  Probe (Chrono Boost)  
  14  0:30  Probe (Chrono Boost)  
  15  0:49  Pylon  
  15  1:13  Probe (Chrono Boost)  
  15  1:18  Gateway  
  16  1:23  Forge  
  16  1:27  Probe (Chrono Boost)  
  17  1:40  Forge  
  17  1:41  Probe (Chrono Boost)  
  17  1:48  Pylon  
  18  1:55  Probe (Chrono Boost)  
  18  1:58  Assimilator  
  19  2:25  Cybernetics Core  
  19  2:36  Probe (Chrono Boost)  
  20  2:50  Probe (Chrono Boost)  
  21  3:03  Gateway  
  21  3:04  Probe (Chrono Boost)  
  22  3:11  Gateway  
  22  3:23  Pylon  
  26  3:42  Havoc  
  23  4:22  Warp Gate  
  23  4:59  Probe (Chrono Boost)  
  24  5:06  Bloodshard Resonance  
  26  5:20  Slayer  
  25  5:41  Supplicant x2  
  29  5:51  Havoc  
  29  5:57  Supplicant x2  
  35  6:11  Probe (Chrono Boost)  
  35  6:14  Assimilator  
  35  6:20  Assimilator  
  35  6:22  Gateway  
  35  6:24  Gateway  
  35  6:25  Supplicant x2  
  39  6:30  Gateway  
  39  6:31  Death Council  
  39  6:33  Probe (Chrono Boost)  
  36  6:50  Probe (Chrono Boost)  
  36  6:54  Supplicant x2  
  38  7:02  Pylon  
  38  7:07  Pylon, Probe (Chrono Boost)  
  39  7:12  Pylon  
  39  7:18  Pylon  
  39  7:25  Probe (Chrono Boost)  
  36  7:39  Havoc  
  38  7:41  Slayer  
  38  7:42  Supplicant x2, Probe (Chrono Boost)  
  44  8:08  Probe (Chrono Boost)  
  45  8:12  Supplicant x6  
  45  8:13  Supplicant x2  
  45  8:16  Slayer  
  63  8:20  Havoc  
  63  8:25  Probe (Chrono Boost)  
  65  8:42  Probe (Chrono Boost)  
  64  8:59  Probe (Chrono Boost)  
  63  9:16  Probe (Chrono Boost)  
  45  9:57  Blood Shields, Robotics Facility  
  45  9:59  Robotics Facility  
  44  10:06  Robotics Facility  
  44  10:08  Robotics Facility  
  38  10:26  Probe (Chrono Boost)  
  39  10:41  Soul Augmentation  
  39  10:43  Probe (Chrono Boost)  
  40  10:57  Havoc  
  42  11:00  Probe (Chrono Boost)  
  42  11:04  Havoc  
  42  11:06  Slayer  
  42  11:07  Slayer  
  42  11:08  Slayer  
  49  11:11  Supplicant x2  
  49  11:17  Probe (Chrono Boost)  
  54  11:34  Probe (Chrono Boost)  
  54  11:37  Robotics Bay  
  55  11:40  Robotics Bay  
  55  11:46  Pylon  
  55  11:49  Pylon  
  56  11:51  Probe (Chrono Boost)  
  56  11:53  Pylon  
  56  11:54  Phasing Armor  
  56  11:57  Pylon  
  56  12:08  Probe (Chrono Boost)  
  57  12:11  Supplicant x2  
  57  12:15  Slayer  
  63  12:25  Probe (Chrono Boost)  
  59  12:42  Probe (Chrono Boost)  
  50  12:53  Mothership  
  50  12:59  Probe (Chrono Boost)  
  51  13:07  Havoc  
  52  13:16  Probe (Chrono Boost)  
  53  13:25  Havoc  
  54  13:37  Havoc  
  55  14:08  Havoc  
  45  15:29  Wraithwalker  
  51  15:30  Wraithwalker x3  
  51  15:37  Aerial Tracking  
  69  16:11  Nexus  
  69  16:26  Rapid Power Cycling  
  69  16:28  Nexus  
  69  16:35  Pylon  
  69  16:43  Pylon  
  69  16:44  Wraithwalker  
  69  16:45  Wraithwalker  
  81  16:56  Pylon  
  81  16:59  Pylon  
  81  17:06  Wraithwalker x2  
  93  17:43  Gateway  
  93  17:49  Gateway  
  93  18:19  Gateway  
  93  18:25  Gateway  
  93  18:30  Gateway  
  93  18:33  Pylon  
  93  18:48  Supplicant x6  
  105  18:55  Slayer  
  105  18:56  Slayer  
  105  18:57  Slayer  
  111  19:04  Havoc  
  112  19:18  Havoc  
  113  20:17  Vanguard x2  
  121  20:20  Vanguard x2  
  127  20:52  Protoss Air Weapons Level 1, Protoss Ground Weapons Level 1, Protoss Shields Level 1  
  127  20:56  Supplicant x2  
  127  20:57  Supplicant x4  
  139  21:00  Slayer  
  139  21:01  Slayer x2  
  139  21:02  Slayer  
  139  21:03  Slayer  
  139  21:08  Supplicant x2  
  139  21:09  Supplicant x2  
  155  21:45  Pylon  
  155  21:47  Pylon  
  155  21:49  Pylon  
  127  21:51  Pylon  
  127  21:52  Pylon  
  127  21:58  Pylon  
  115  22:00  Pylon  
  115  22:04  Pylon  
  115  22:08  Warp Prism x2  
  97  22:14  Pylon  
  53  22:42  Slayer x4  
  53  22:43  Slayer x3  
  53  22:44  Slayer  
  69  22:50  Warp Prism  
  65  23:12  Wraithwalker  
  71  23:24  Supplicant x4  
  71  23:25  Supplicant x6  
  71  23:26  Supplicant x2  
  95  23:30  Havoc x2  
  71  24:18  Warp Prism x2  
  75  24:21  Vanguard  
  75  24:27  Vanguard  
  81  24:44  Supplicant x2  
  81  24:45  Supplicant x2  
  81  24:49  Supplicant x2  
  59  26:36  Warp Prism  
  55  26:41  Protoss Air Weapons Level 2, Protoss Ground Weapons Level 2  
  55  26:43  Protoss Shields Level 2  
  55  26:54  Warp Prism x3  
  57  27:48  Havoc  
  58  27:55  Havoc  
  58  27:57  Havoc  
  60  28:00  Havoc  
  60  28:08  Havoc  
  62  28:29  Havoc  
  63  29:08  Mothership  
  63  29:22  Protoss Ground Armor Level 1, Protoss Air Armor Level 1  
  63  29:30  Supplicant x4  
  63  29:32  Supplicant x2  
  73  29:48  Supplicant x6  
  73  29:49  Supplicant x6  
  96  29:56  Wraithwalker x2  
  96  29:57  Wraithwalker  
  120  30:01  Havoc  
  120  30:02  Wraithwalker, Havoc  
  120  30:05  Slayer x3  
  122  30:16  Slayer x2  
  122  30:17  Slayer x4  
  105  30:44  Supplicant x4  
  105  30:45  Supplicant x2  
  114  30:52  Slayer  
  108  31:11  Wraithwalker x2  
  89  31:48  Supplicant x2  
  89  31:49  Supplicant x6  
  105  31:50  Supplicant x4  
  105  31:53  Slayer  
  105  31:55  Havoc  
  116  32:17  Wraithwalker  
  120  32:34  Supplicant x4  
  120  32:37  Slayer  
  73  34:03  Fusion Mortars  
  73  34:04  Matter Dispersion  
  73  34:06  Vanguard x2  
  73  34:44  Havoc  
  73  34:46  Havoc  
  75  34:50  Supplicant x2  
  75  34:52  Supplicant x2  
  83  35:28  Wraithwalker x2  
  83  35:29  Wraithwalker  
  107  35:32  Wraithwalker, Supplicant x2  
  107  35:33  Supplicant x2  
  107  35:34  Slayer  
  107  35:35  Slayer  
  107  35:36  Slayer  
  107  35:37  Slayer  
  123  35:42  Slayer  
  120  36:43  Wraithwalker x2  
  138  36:50  Wraithwalker  
  135  37:05  Mothership  
  114  37:45  Supplicant x2  
  114  37:46  Supplicant x4  
  114  37:47  Supplicant x2  
  114  37:48  Supplicant x4  
  114  37:49  Supplicant x4  
  146  37:59  Havoc  
  147  38:00  Havoc  
  147  38:01  Slayer  
  137  38:35  Warp Prism x2  
  92  40:39  Supplicant x2  
  96  40:40  Supplicant x6  
  96  40:41  Supplicant x6  
  96  40:42  Supplicant x2  
  96  40:49  Havoc  
  125  40:50  Havoc  
  125  40:51  Slayer  
  128  41:17  Slayer x2  
  97  42:17  Havoc  
  98  42:20  Havoc  
  91  42:48  Havoc  
  91  42:52  Havoc  
  92  43:03  Havoc  
  72  45:58  Mothership  
Tags
 
Commander
AlarakSwann
League
GoldGold
Matchup
Co-op
Replay Pack
Multiplayer
Add a new tag
Caveats
  • Supply blocks, unpowered buildings, or Contaminate may cause inaccurate times.
  • Supply counts are checked every 10 seconds.